 Dungeon Crawl Stone Soup version 0.25.0-15-gac7dcb8919 (webtiles) character file.

Game seed: 4110562345284028390

977 grindst0ne the Chopper (level 8, -2/56 HPs)
             Began as a Human Chaos Knight on June 29, 2020.
             Was a Plaything of Xom.
             Slain by an ice beast (14 damage)
             ... on level 5 of the Dungeon.
             The game lasted 00:04:35 (6091 turns).

grindst0ne the Chopper (Human Chaos Knight)         Turns: 6091, Time: 00:04:35

Health: -2/56      AC:  8    Str: 13    XL:     8   Next: 40%
Magic:  8/8        EV: 11    Int: 12    God:    Xom [*.....]
Gold:   266        SH:  0    Dex: 13    Spells: 7/7 levels left

rFire    . . .     SeeInvis .   A - +0 war axe
rCold    . . .     Gourm    .   (no shield)
rNeg     + . .     Faith    .   q - +4 scale mail
rPois    .         Spirit   .   (no helmet)
rElec    .         Reflect  .   (no cloak)
rCorr    .         Harm     .   (no gloves)
MR       .....                  (no boots)
Stlth    ..........             (no amulet)
HPRegen  0.18/turn              g - ring of positive energy
MPRegen  0.11/turn              (no ring)

@: no status effects
A: deformed body, frail 1, weak 1, subdued magic 1
a: Renounce Religion


You were on level 5 of the Dungeon.
You worshipped Xom.
You were a special plaything of Xom.
You were not hungry.

You visited 1 branch of the dungeon, and saw 5 of its levels.

You collected 266 gold pieces.

Inventory:

Hand Weapons
 a - a +0 hand axe of chaos
 A - a +0 war axe (weapon)
Missiles
 u - 16 poisoned darts (quivered)
 x - 4 boomerangs
Armour
 b - a +2 leather armour
 q - a +4 scale mail (worn)
Jewellery
 g - a ring of positive energy (left hand)
Wands
 y - a wand of disintegration (29)
Scrolls
 e - 2 scrolls of teleportation {unknown}
 f - 4 scrolls of fog
 i - 2 scrolls of fear {unknown}
 j - 2 scrolls of immolation {unknown}
 l - 3 scrolls of remove curse
 m - a scroll of magic mapping {unknown}
 r - 2 scrolls of noise {unknown}
 t - 9 scrolls of identify {unknown}
 w - a scroll of random uselessness {unknown}
Potions
 d - 2 potions of curing
 h - a potion of stabbing {unknown}
 k - a potion of heal wounds {unknown}
 n - 2 potions of magic {unknown}
 o - a potion of cancellation {unknown}
 p - 2 potions of haste {unknown}
 s - a potion of brilliance {unknown}
 v - 3 potions of mutation {unknown}
Comestibles
 c - 10 rations


   Skills:
 + Level 5.4 Fighting
 + Level 5.4 Axes
 + Level 4.9 Armour
 + Level 4.5 Dodging


You had 7 spell levels left.
You didn't know any spells.
Your spell library contained the following spells:

 Spells                   Type           Power        Failure   Level  Hunger
 Foxfire                  Conj/Fire      #...         77%         1    ##.....
 Conjure Flame            Conj/Fire      #.......     98%         3    ####...
 Inner Flame              Hex/Fire       #.......     98%         3    ####...
 Sticky Flame             Conj/Fire      #.......     100%        4    #####..
 Fireball                 Conj/Fire      #.........   100%        5    ######.


Dungeon Overview and Level Annotations

Branches:
Dungeon (5/15)             Temple (0/1) D:4

Altars:
Ashenzari
Elyvilon
Gozag
Okawaru
Ru
Trog


Innate Abilities, Weirdness & Mutations

Armour fits poorly on your strangely shaped body.
You are frail. (-10% HP)
You are weak. (Str -2)
Your spells are a little easier to cast, but a little less powerful.


Message History

You hit the ice beast.
The ice beast is heavily wounded.
The ice beast barely misses you.
You hit the ice beast but do no damage.
The ice beast is heavily wounded.
The ice beast hits you. The ice beast freezes you!
* * * LOW HITPOINT WARNING * * *
You closely miss the ice beast.
The ice beast is heavily wounded.
The ice beast hits you but does no damage.
The ice beast closely misses you.
You barely miss the ice beast.
The ice beast is heavily wounded.
The ice beast misses you.
You slash the ice beast!
The ice beast is severely wounded.
The ice beast hits you.
* * * LOW HITPOINT WARNING * * *
The ice beast freezes you!
You die...

##...####..## ##..####
##..# ##..###8#####.#
#..##§≈_#...#.#
#.##≈≈..##....####
##.#§≈§..####......
#####..'.§§w_8# ##.####
#.....Y#≈≈...####..#
#.....@##§≈..##....#
#.......##≈≈_#...#.#
#........###8#####.#
#.........#### ##..#
#.......#...####..#####
#.......##........##...
####.#####.######.##.##
#.# #.# #.#...# #.###
#.######...#..


You could see an ice beast.

Vanquished Creatures
  A hippogriff (D:5)
  2 sky beasts (D:5)
  A phantom (D:5)
  An ogre (D:5)
  2 hounds
  An orc priest (D:5)
  An orc wizard (D:2)
  5 worker ants
  An iguana (D:4)
  2 adders
  3 oozes
  2 worms
  A dart slug (D:1)
  3 leopard geckos
  7 orcs
  7 bats
  6 giant cockroaches
  10 goblins
  5 hobgoblins
  11 jackals
  4 quokkas
  A ball python (D:2)
  4 frilled lizards
  5 kobolds
  2 leopard gecko skeletons
  7 rats
95 creatures vanquished.

Vanquished Creatures (collateral kills)
  2 jackals (D:1)
2 creatures vanquished.

Vanquished Creatures (others)
  A phantom (D:4)
  A jackal (D:1)
2 creatures vanquished.

Grand Total: 99 creatures vanquished

Notes
Turn   | Place    | Note
-------+----------+-------------------------------------------
     0 | D:1      | grindst0ne the Human Chaos Knight began the quest for the
                  | Orb.
     0 | D:1      | Reached XP level 1. HP: 18/18 MP: 1/1
   186 | D:1      | Reached XP level 2. HP: 24/24 MP: 2/2
   312 | D:1      | XOM: silly message
   646 | D:1      | XOM: silly message
   821 | D:1      | Reached XP level 3. HP: 26/29 MP: 3/3
   913 | D:1      | XOM: give mutations
   913 | D:1      | Gained mutation: You are weak. (Str -2) [Xom's mischief]
   913 | D:1      | Lost mutation: You are weak. (Str -2) [Xom's mischief]
  1184 | D:2      | Found a sacrificial altar of Ru.
  1187 | D:2      | Reached XP level 4. HP: 19/36 MP: 4/4
  1339 | D:2      | XOM: 10-stop teleportation journey
  1615 | D:2      | Reached XP level 5. HP: 38/42 MP: 5/5
  2698 | D:3      | XOM: give mutations
  2698 | D:3      | Gained mutation: Your spells are a little easier to cast,
                  | but a little less powerful. [Xom's mischief]
  2698 | D:3      | Gained mutation: You are weak. (Str -2) [Xom's mischief]
  2698 | D:3      | Gained mutation: You are frail. (-10% HP) [Xom's mischief]
  2698 | D:3      | Gained mutation: Armour fits poorly on your strangely
                  | shaped body. [Xom's mischief]
  2756 | D:3      | XOM: silly message
  3095 | D:4      | Found a shattered altar of Ashenzari.
  3104 | D:4      | Noticed a phantom
  3116 | D:4      | XOM: potion effect (stabbing)
  3126 | D:4      | Killed a phantom
  3126 | D:4      | Reached XP level 6. HP: 26/43 MP: 6/6
  3126 | D:4      | XOM: divine lightning
  3156 | D:4      | XOM: cloud trail
  3573 | D:4      | XOM: 3-stop teleportation journey
  3965 | D:4      | Found a staircase to the Ecumenical Temple.
  4190 | D:4      | XOM: scenery: 1 doors open
  4459 | D:4      | Reached XP level 7. HP: 49/49 MP: 7/7
  4737 | D:5      | Entered Level 5 of the Dungeon
  5179 | D:5      | XOM: enchant monster (good)
  5220 | D:5      | XOM: cast spell 'Statue Form'
  5225 | D:5      | Reached skill level 5 in Fighting
  5225 | D:5      | Reached skill level 5 in Axes
  5453 | D:5      | Found an opulent altar of Gozag.
  5473 | D:5      | XOM: smoke on damage
  5484 | D:5      | Reached XP level 8. HP: 24/55 MP: 8/8
  5805 | D:5      | Noticed a hippogriff
  5813 | D:5      | Killed a hippogriff
  5881 | D:5      | XOM: summons 4 hostile shadow creatures
  6007 | D:5      | XOM: noise
  6020 | D:5      | Found a white marble altar of Elyvilon.
  6020 | D:5      | Found a bloodstained altar of Trog.
  6025 | D:5      | XOM: enchant monster (bad)
  6065 | D:5      | Found an iron altar of Okawaru.
  6075 | D:5      | XOM: polymorph worm -> ice beast
  6091 | D:5      | Slain by an ice beast

Illustrated notes

Levels and vault maps discovered:
D:1:      dpeg_arrival_leaves_temple_mockup, layout_loops_corners
D:2:      layout_loops_corners, overflow_temple_1_default, first_ration,
          solitary_fountain
D:3:      layout_rooms, grunt_ministairs_10
D:4:      layout_basic, nicolae_ashenzari_panopticon,
          minmay_temple_entry_butterflies, kennysheep_windowed_goal
D:5:      layout_loops_ring, kennysheep_mini, gammafunk_temple_overflow_claw,
          nicolae_zen_rock_garden

Skill      XL: |  1  2  3  4  5  6  7 |
---------------+----------------------+-----
Dodging        | 2 3 4 |  4.5
Armour         | 3 4 |  4.9
Fighting       | 4 5 |  5.4
Axes           | 4 5 |  5.4

Action                   |  1- 3 |  4- 6 |  7- 9 || total
-------------------------+-------+-------+-------++-------
Melee: Hand axe          |    80 |   249 |    94 ||   423
       War axe           |       |       |    16 ||    16
Throw: Dart              |       |       |     7 ||     7
Evoke: Wand              |       |       |     5 ||     5
  Use: Potion            |       |     1 |       ||     1
       Scroll            |       |       |     2 ||     2
 Stab: Sleeping          |     1 |     1 |       ||     2
  Eat: Chunk             |     1 |    10 |     2 ||    13
       Ration            |       |       |     1 ||     1
Armor: Leather armour    |    28 |    14 |       ||    42
       Scale mail        |       |    99 |    49 ||   148
       Skin              |       |       |     1 ||     1
Dodge: Dodged            |    49 |   154 |    46 ||   249
